[ PARTIDA AOE2 · #474768607 ]
UnrankedHunos vs Franks
[ ANÁLISIS DE REPETICIÓN · EXTRAÍDO DE LA PARTIDA GRABADA ]
Feudal
9:03
Castillos
24:22
Imperial
—
| APM promedio | 60.5 |
| APM pico | 143 |
| eAPM promedio | 19.5 |
| Aldeanos / militares | 65 / 42 |
Foco
⚔️ 38.7% · 🌾 61.3%
Knight ×31 · Scout Cavalry ×8 · Battering Ram ×3
Feudal
—
Castillos
—
Imperial
—
| APM promedio | 0.8 |
| APM pico | 33 |
| eAPM promedio | 0.4 |
| Aldeanos / militares | 4 / 0 |
Foco
⚔️ 0.0% · 🌾 100.0%
Feudal
12:51
Castillos
21:23
Imperial
37:07
| APM promedio | 13.5 |
| APM pico | 34 |
| eAPM promedio | 9.0 |
| Aldeanos / militares | 61 / 78 |
Foco
⚔️ 21.1% · 🌾 78.9%
Militia ×71 · Centurion ×3 · Scout Cavalry ×3 · Monk ×1
Feudal
15:00
Castillos
—
Imperial
—
| APM promedio | 20.0 |
| APM pico | 66 |
| eAPM promedio | 10.3 |
| Aldeanos / militares | 67 / 0 |
Foco
⚔️ 12.6% · 🌾 87.4%
Mapa de la partida
Recursos iniciales + cada clic de construcción. Líneas = muros · curvas = relieve. ◆ oro · ⬟ piedra · ● bayas · ✦ reliquia · ◌ hueco del cierre
Tu base· Abierta — flanco sin cerrar
Base de NATARU· Abierta — flanco sin cerrar
Base de Panda· Abierta — hueco de 5t
Base de Shuriken Chokeわたなべ· Abierta — flanco sin cerrar
Terreno inicial suavizado · ◌ = hueco del cierre detectado · pasá el cursor para detalles
Inputs por minuto
— Joreich - - NATARU
Build order — Joreich
Primeras 150 de 211 acciones detectadas
| 0:01 | Crear | Villager (Male) |
| 0:01 | Crear | Villager (Male) |
| 0:01 | Crear | Villager (Male) |
| 0:08 | Crear | Villager (Male) |
| 1:33 | Crear | Villager (Male) |
| 1:33 | Crear | Villager (Male) |
| 1:59 | Crear | Villager (Male) |
| 1:59 | Crear | Villager (Male) |
| 2:10 | Construir | Lumber Camp |
| 2:16 | Crear | Villager (Male) |
| 2:16 | Crear | Villager (Male) |
| 2:58 | Crear | Villager (Male) |
| 2:58 | Crear | Villager (Male) |
| 3:24 | Crear | Villager (Male) |
| 3:44 | Crear | Villager (Male) |
| 4:15 | Crear | Villager (Male) |
| 4:16 | Crear | Villager (Male) |
| 5:00 | Crear | Villager (Male) |
| 5:08 | Construir | Mill |
| 5:31 | Crear | Villager (Male) |
| 5:51 | Crear | Villager (Male) |
| 6:25 | Crear | Villager (Male) |
| 6:28 | Investigar | Loom |
| 6:48 | Investigar | Feudal Age |
| 7:52 | Construir | Barracks |
| 8:26 | Crear | Villager (Male) |
| 9:03 | Edad | Edad Feudal |
| 9:05 | Construir | Stable |
| 9:13 | Crear | Villager (Male) |
| 9:21 | Investigar | Double-Bit Axe |
| 9:31 | Investigar | Horse Collar |
| 9:31 | Investigar | Horse Collar |
| 9:49 | Crear | Villager (Male) |
| 9:49 | Crear | Scout Cavalry |
| 9:53 | Crear | Scout Cavalry |
| 10:05 | Construir | Mining Camp |
| 10:11 | Crear | Villager (Male) |
| 10:26 | Crear | Villager (Male) |
| 10:28 | Crear | Scout Cavalry |
| 10:55 | Crear | Scout Cavalry |
| 10:56 | Crear | Villager (Male) |
| 11:33 | Construir | Watch Tower |
| 11:51 | Construir | Watch Tower |
| 12:00 | Crear | Villager (Male) |
| 12:01 | Crear | Scout Cavalry |
| 12:08 | Construir | Watch Tower |
| 12:18 | Crear | Villager (Male) |
| 12:18 | Crear | Villager (Male) |
| 12:19 | Crear | Villager (Male) |
| 12:43 | Crear | Villager (Male) |
| 12:49 | Crear | Villager (Male) |
| 12:50 | Crear | Villager (Male) |
| 12:57 | Construir | Farm |
| 12:57 | Construir | Farm |
| 12:57 | Construir | Farm |
| 12:57 | Construir | Farm |
| 12:58 | Construir | Farm |
| 12:58 | Construir | Farm |
| 12:58 | Construir | Farm |
| 12:58 | Construir | Farm |
| 13:15 | Construir | Watch Tower |
| 13:24 | Construir | Palisade Wall |
| 13:26 | Construir | Palisade Wall |
| 13:28 | Construir | Palisade Wall |
| 13:29 | Construir | Palisade Wall |
| 13:35 | Construir | Palisade Wall |
| 14:09 | Crear | Villager (Male) |
| 14:09 | Crear | Villager (Male) |
| 14:09 | Crear | Villager (Male) |
| 14:13 | Construir | Farm |
| 14:27 | Construir | Watch Tower |
| 14:45 | Construir | Palisade Wall |
| 15:13 | Crear | Villager (Male) |
| 15:13 | Crear | Villager (Male) |
| 15:36 | Crear | Scout Cavalry |
| 15:36 | Crear | Scout Cavalry |
| 15:40 | Crear | Villager (Male) |
| 15:46 | Construir | Farm |
| 15:46 | Construir | Farm |
| 15:46 | Construir | Farm |
| 15:46 | Construir | Farm |
| 15:46 | Construir | Farm |
| 15:47 | Construir | Farm |
| 15:47 | Construir | Farm |
| 15:47 | Construir | Farm |
| 15:47 | Construir | Farm |
| 15:47 | Construir | Farm |
| 15:48 | Construir | Farm |
| 15:53 | Crear | Villager (Male) |
| 16:15 | Crear | Villager (Male) |
| 16:30 | Construir | Farm |
| 16:57 | Construir | Watch Tower |
| 17:01 | Crear | Villager (Male) |
| 17:04 | Construir | Farm |
| 17:07 | Construir | Farm |
| 17:38 | Crear | Villager (Male) |
| 17:41 | Construir | Farm |
| 18:00 | Construir | Palisade Wall |
| 18:00 | Construir | Palisade Wall |
| 18:01 | Construir | Palisade Wall |
| 18:02 | Construir | Palisade Wall |
| 18:15 | Crear | Villager (Male) |
| 18:17 | Construir | Farm |
| 18:22 | Construir | Market |
| 18:26 | Construir | Blacksmith |
| 18:34 | Construir | Lumber Camp |
| 18:45 | Construir | Farm |
| 19:00 | Construir | Watch Tower |
| 19:06 | Crear | Villager (Male) |
| 19:52 | Crear | Villager (Male) |
| 19:55 | Construir | Farm |
| 19:55 | Construir | Farm |
| 19:55 | Construir | Farm |
| 19:55 | Construir | Farm |
| 20:05 | Investigar | Fletching |
| 20:50 | Construir | Farm |
| 20:52 | Crear | Villager (Male) |
| 20:58 | Construir | Market |
| 21:05 | Construir | Lumber Camp |
| 21:13 | Crear | Villager (Male) |
| 21:37 | Investigar | Castle Age |
| 21:38 | Investigar | Castle Age |
| 21:53 | Construir | Barracks |
| 22:08 | Construir | Stable |
| 22:08 | Crear | Villager (Male) |
| 22:08 | Crear | Villager (Male) |
| 22:17 | Construir | Mining Camp |
| 22:25 | Crear | Scout Cavalry |
| 22:35 | Investigar | Scale Barding Armor |
| 23:09 | Construir | Watch Tower |
| 23:28 | Crear | Villager (Male) |
| 23:47 | Construir | Stable |
| 23:48 | Crear | Villager (Male) |
| 23:59 | Investigar | Gold Mining |
| 24:22 | Edad | Edad de los Castillos |
| 24:23 | Investigar | Bloodlines |
| 24:26 | Crear | Knight |
| 24:33 | Investigar | Forging |
| 24:33 | Investigar | Forging |
| 24:42 | Construir | Siege Workshop |
| 24:43 | Crear | Villager (Male) |
| 24:44 | Crear | Villager (Male) |
| 24:44 | Crear | Villager (Male) |
| 24:57 | Construir | Mining Camp |
| 25:11 | Investigar | Chain Barding Armor |
| 25:11 | Investigar | Chain Barding Armor |
| 25:13 | Crear | Knight |
| 25:38 | Crear | Knight |
| 25:54 | Crear | Knight |
| 25:54 | Crear | Knight |
Build order — NATARU
6 acciones detectadas en el replay
| 0:01 | Crear | Villager (Male) |
| 0:01 | Crear | Villager (Male) |
| 0:03 | Construir | House |
| 0:08 | Construir | House |
| 0:14 | Crear | Villager (Male) |
| 0:14 | Crear | Villager (Male) |
Build order — Panda
Primeras 150 de 167 acciones detectadas
| 0:05 | Construir | House |
| 0:11 | Construir | House |
| 0:15 | Crear | Villager (Male) ×4 |
| 2:03 | Crear | Villager (Male) |
| 2:03 | Crear | Villager (Male) |
| 2:56 | Crear | Villager (Male) |
| 2:57 | Crear | Villager (Male) |
| 2:57 | Crear | Villager (Male) |
| 3:54 | Construir | Lumber Camp |
| 3:58 | Crear | Villager (Male) |
| 3:58 | Crear | Villager (Male) |
| 3:58 | Crear | Villager (Male) |
| 3:58 | Crear | Villager (Male) |
| 4:19 | Construir | House |
| 5:04 | Construir | House |
| 5:07 | Crear | Villager (Male) |
| 6:15 | Crear | Villager (Male) |
| 6:15 | Crear | Villager (Male) |
| 6:36 | Crear | Villager (Male) |
| 7:09 | Construir | Mill |
| 7:29 | Crear | Villager (Male) |
| 7:29 | Crear | Villager (Male) |
| 7:56 | Crear | Villager (Male) |
| 8:38 | Crear | Villager (Male) |
| 8:49 | Crear | Villager (Male) |
| 9:28 | Crear | Villager (Male) |
| 9:51 | Crear | Villager (Male) |
| 9:58 | Construir | House |
| 10:05 | Crear | Villager (Male) |
| 10:38 | Construir | Barracks |
| 10:40 | Investigar | Feudal Age |
| 11:40 | Construir | House |
| 11:41 | Construir | House |
| 11:46 | Construir | Palisade Wall |
| 11:58 | Crear | Villager (Male) |
| 11:58 | Crear | Villager (Male) |
| 11:58 | Crear | Villager (Male) |
| 12:41 | Construir | Farm |
| 12:42 | Construir | Farm |
| 12:43 | Construir | Farm |
| 12:46 | Construir | Farm |
| 12:51 | Edad | Edad Feudal |
| 12:59 | Investigar | Horse Collar |
| 13:01 | Investigar | Double-Bit Axe |
| 13:05 | Investigar | Wheelbarrow |
| 13:14 | Construir | Farm |
| 13:16 | Construir | Farm |
| 13:17 | Construir | Farm |
| 13:21 | Construir | Farm |
| 13:23 | Construir | Farm |
| 13:39 | Construir | Farm |
| 14:06 | Construir | Mining Camp |
| 14:13 | Construir | House |
| 14:19 | Crear | Villager (Male) |
| 14:51 | Crear | Villager (Male) |
| 14:52 | Crear | Villager (Male) |
| 15:12 | Construir | Market |
| 15:18 | Construir | Palisade Wall |
| 15:38 | Crear | Villager (Male) |
| 15:38 | Crear | Villager (Male) |
| 16:21 | Construir | Blacksmith |
| 16:28 | Construir | House |
| 16:39 | Construir | Mining Camp |
| 16:49 | Crear | Villager (Male) |
| 16:49 | Crear | Villager (Male) |
| 17:03 | Construir | Lumber Camp |
| 17:13 | Construir | Farm |
| 17:14 | Construir | Farm |
| 17:19 | Construir | Farm |
| 18:18 | Crear | Villager (Male) |
| 18:18 | Crear | Villager (Male) |
| 18:20 | Crear | Villager (Male) |
| 18:39 | Investigar | Castle Age |
| 19:56 | Investigar | Fletching |
| 19:58 | Investigar | Forging |
| 19:58 | Investigar | Scale Mail Armor |
| 20:01 | Investigar | Man-at-Arms (upgrade) |
| 20:25 | Investigar | Gold Mining |
| 20:30 | Investigar | Stone Mining |
| 20:46 | Construir | Lumber Camp |
| 21:10 | Crear | Villager (Male) |
| 21:10 | Crear | Villager (Male) |
| 21:10 | Crear | Villager (Male) |
| 21:23 | Edad | Edad de los Castillos |
| 21:35 | Construir | University |
| 21:42 | Investigar | Long Swordsman (upgrade) |
| 21:42 | Investigar | Squires |
| 21:58 | Construir | Farm |
| 22:47 | Construir | Barracks |
| 22:52 | Construir | Barracks |
| 22:59 | Crear | Villager (Male) |
| 23:00 | Crear | Villager (Male) |
| 23:00 | Crear | Villager (Male) |
| 23:00 | Crear | Villager (Male) |
| 23:57 | Construir | Castle |
| 24:05 | Construir | House |
| 24:10 | Construir | House |
| 24:30 | Construir | Gate |
| 24:37 | Construir | Palisade Wall |
| 24:54 | Construir | Farm |
| 24:55 | Construir | Farm |
| 24:57 | Construir | Farm |
| 24:59 | Construir | Farm |
| 25:04 | Crear | Villager (Male) |
| 25:04 | Crear | Villager (Male) |
| 25:06 | Investigar | Ballistics |
| 25:12 | Investigar | Bodkin Arrow |
| 25:18 | Crear | Militia ×5 |
| 25:18 | Crear | Militia ×5 |
| 25:18 | Crear | Militia ×5 |
| 25:19 | Crear | Militia ×5 |
| 25:19 | Crear | Militia ×5 |
| 26:03 | Crear | Villager (Male) |
| 26:03 | Crear | Villager (Male) |
| 26:04 | Crear | Villager (Male) |
| 27:12 | Investigar | Murder Holes |
| 28:14 | Crear | Villager (Male) |
| 28:15 | Crear | Villager (Male) ×5 |
| 28:20 | Crear | Militia ×5 |
| 28:21 | Crear | Militia ×5 |
| 29:02 | Construir | House |
| 29:03 | Construir | House |
| 29:05 | Construir | House |
| 29:07 | Construir | House |
| 29:09 | Construir | House |
| 29:16 | Investigar | Bow Saw |
| 29:19 | Investigar | Heavy Plow |
| 29:52 | Crear | Militia ×5 |
| 29:53 | Crear | Militia ×5 |
| 29:53 | Crear | Militia |
| 30:33 | Crear | Centurion |
| 30:34 | Crear | Centurion |
| 30:34 | Crear | Centurion |
| 30:56 | Construir | Monastery |
| 31:04 | Construir | Stable |
| 31:21 | Crear | Monk |
| 31:31 | Crear | Villager (Male) |
| 31:31 | Crear | Villager (Male) |
| 31:31 | Crear | Villager (Male) |
| 31:32 | Crear | Villager (Male) |
| 31:32 | Crear | Villager (Male) |
| 31:41 | Construir | Farm |
| 31:43 | Construir | Farm |
| 32:49 | Crear | Scout Cavalry |
| 32:49 | Crear | Scout Cavalry |
| 32:49 | Crear | Scout Cavalry |
| 32:57 | Construir | Farm |
| 32:59 | Construir | Farm |
| 33:57 | Investigar | Imperial Age |
| 34:26 | Construir | Farm |
Build order — Shuriken Chokeわたなべ
128 acciones detectadas en el replay
| 0:05 | Construir | House |
| 0:07 | Construir | House |
| 0:08 | Construir | House |
| 0:09 | Crear | Villager (Male) |
| 0:10 | Crear | Villager (Male) |
| 0:10 | Crear | Villager (Male) |
| 0:10 | Crear | Villager (Male) |
| 0:10 | Crear | Villager (Male) |
| 1:53 | Crear | Villager (Male) |
| 1:53 | Crear | Villager (Male) |
| 2:08 | Crear | Villager (Male) |
| 3:09 | Crear | Villager (Male) |
| 3:10 | Crear | Villager (Male) |
| 3:10 | Crear | Villager (Male) |
| 3:10 | Crear | Villager (Male) |
| 3:50 | Crear | Villager (Male) |
| 4:09 | Crear | Villager (Male) |
| 4:09 | Crear | Villager (Male) |
| 5:03 | Crear | Villager (Male) |
| 5:03 | Crear | Villager (Male) |
| 5:23 | Crear | Villager (Male) |
| 5:30 | Construir | Lumber Camp |
| 5:46 | Construir | Palisade Wall |
| 5:53 | Investigar | Loom |
| 6:23 | Construir | House |
| 6:25 | Construir | House |
| 6:26 | Construir | House |
| 6:46 | Crear | Villager (Male) |
| 6:46 | Crear | Villager (Male) |
| 6:46 | Crear | Villager (Male) |
| 6:47 | Crear | Villager (Male) |
| 6:47 | Crear | Villager (Male) |
| 6:53 | Construir | House |
| 6:55 | Construir | House |
| 6:59 | Construir | House |
| 7:26 | Crear | Villager (Male) |
| 7:56 | Construir | Lumber Camp |
| 8:41 | Construir | Palisade Wall |
| 8:43 | Construir | Palisade Wall |
| 8:51 | Construir | Lumber Camp |
| 8:55 | Crear | Villager (Male) |
| 8:55 | Crear | Villager (Male) |
| 8:55 | Crear | Villager (Male) |
| 8:56 | Crear | Villager (Male) |
| 8:56 | Crear | Villager (Male) |
| 9:13 | Construir | Palisade Wall |
| 9:14 | Construir | Palisade Wall |
| 9:22 | Crear | Villager (Male) |
| 9:33 | Construir | Palisade Wall |
| 9:36 | Construir | Palisade Wall |
| 9:37 | Construir | Palisade Wall |
| 9:43 | Construir | Palisade Wall |
| 10:22 | Crear | Villager (Male) |
| 10:22 | Crear | Villager (Male) |
| 10:22 | Crear | Villager (Male) |
| 10:22 | Crear | Villager (Male) |
| 10:42 | Construir | Mining Camp |
| 10:46 | Crear | Villager (Male) |
| 10:46 | Crear | Villager (Male) |
| 10:46 | Crear | Villager (Male) |
| 11:10 | Construir | Mill |
| 12:50 | Investigar | Feudal Age |
| 15:00 | Edad | Edad Feudal |
| 15:04 | Construir | Watch Tower |
| 15:07 | Crear | Villager (Male) |
| 15:07 | Crear | Villager (Male) |
| 15:08 | Crear | Villager (Male) |
| 15:08 | Crear | Villager (Male) |
| 15:33 | Construir | Watch Tower |
| 15:46 | Construir | Watch Tower |
| 16:21 | Construir | Watch Tower |
| 17:15 | Crear | Villager (Male) |
| 17:16 | Crear | Villager (Male) |
| 17:16 | Crear | Villager (Male) |
| 17:16 | Crear | Villager (Male) |
| 17:17 | Crear | Villager (Male) |
| 17:38 | Construir | Watch Tower |
| 18:26 | Construir | Farm |
| 18:26 | Construir | Farm |
| 18:26 | Construir | Farm |
| 18:27 | Construir | Farm |
| 18:27 | Construir | Farm |
| 18:27 | Construir | Farm |
| 18:27 | Construir | Farm |
| 19:02 | Investigar | Stone Mining |
| 19:12 | Crear | Villager (Male) |
| 19:12 | Crear | Villager (Male) |
| 19:12 | Crear | Villager (Male) |
| 19:12 | Crear | Villager (Male) |
| 19:17 | Construir | Watch Tower |
| 19:45 | Construir | Watch Tower |
| 21:02 | Crear | Villager (Male) |
| 21:03 | Crear | Villager (Male) |
| 21:03 | Crear | Villager (Male) |
| 21:03 | Crear | Villager (Male) |
| 21:49 | Construir | Lumber Camp |
| 22:17 | Investigar | Wheelbarrow |
| 23:20 | Construir | Watch Tower |
| 24:15 | Construir | Market |
| 24:33 | Construir | Watch Tower |
| 24:50 | Crear | Villager (Male) |
| 24:50 | Crear | Villager (Male) |
| 24:50 | Crear | Villager (Male) |
| 25:00 | Construir | Watch Tower |
| 25:44 | Construir | Watch Tower |
| 26:06 | Construir | Watch Tower |
| 26:31 | Crear | Villager (Male) |
| 26:31 | Crear | Villager (Male) |
| 26:31 | Crear | Villager (Male) |
| 26:32 | Crear | Villager (Male) |
| 26:32 | Crear | Villager (Male) |
| 26:45 | Construir | Watch Tower |
| 27:05 | Crear | Villager (Male) |
| 27:53 | Construir | Watch Tower |
| 28:41 | Construir | Lumber Camp |
| 29:03 | Construir | Blacksmith |
| 31:15 | Investigar | Double-Bit Axe |
| 31:35 | Construir | Town Center |
| 33:47 | Crear | Villager (Male) |
| 33:47 | Crear | Villager (Male) |
| 33:48 | Crear | Villager (Male) |
| 33:48 | Crear | Villager (Male) |
| 36:41 | Construir | Mill |
| 36:52 | Construir | Mill |
| 37:17 | Construir | Farm |
| 37:17 | Construir | Farm |
| 37:18 | Construir | Farm |
| 39:27 | Construir | Watch Tower |
Cronología de la partida
| 2:41 | NATARU · resign |
| 5:46 | Shuriken Chokeわたなべ · wall_segment Palisade Wall x1 |
| 7:52 | Joreich · first_building Barracks |
| 8:41 | Shuriken Chokeわたなべ · wall_segment Palisade Wall x1 |
| 8:43 | Shuriken Chokeわたなべ · wall_segment Palisade Wall x1 |
| 9:03 | Joreich · age_up feudal |
| 9:05 | Joreich · first_building Stable |
| 9:13 | Shuriken Chokeわたなべ · wall_segment Palisade Wall x1 |
| 9:14 | Shuriken Chokeわたなべ · wall_segment Palisade Wall x1 |
| 9:33 | Shuriken Chokeわたなべ · wall_segment Palisade Wall x1 |
| 9:36 | Shuriken Chokeわたなべ · wall_segment Palisade Wall x1 |
| 9:37 | Shuriken Chokeわたなべ · wall_segment Palisade Wall x1 |
| 9:43 | Shuriken Chokeわたなべ · wall_segment Palisade Wall x1 |
| 10:38 | Panda · first_building Barracks |
| 11:46 | Panda · wall_segment Palisade Wall x1 |
| 12:51 | Panda · age_up feudal |
| 13:24 | Joreich · wall_segment Palisade Wall x1 |
| 13:26 | Joreich · wall_segment Palisade Wall x1 |
| 13:28 | Joreich · wall_segment Palisade Wall x1 |
| 13:29 | Joreich · wall_segment Palisade Wall x1 |
| 13:35 | Joreich · wall_segment Palisade Wall x1 |
| 14:45 | Joreich · wall_segment Palisade Wall x1 |
| 15:00 | Shuriken Chokeわたなべ · age_up feudal |
| 15:18 | Panda · wall_segment Palisade Wall x1 |
| 18:00 | Joreich · wall_segment Palisade Wall x1 |
| 18:00 | Joreich · wall_segment Palisade Wall x1 |
| 18:01 | Joreich · wall_segment Palisade Wall x1 |
| 18:02 | Joreich · wall_segment Palisade Wall x1 |
| 21:23 | Panda · age_up castle |
| 21:32 | Joreich · first_market_sell 100 food |
| 23:57 | Panda · first_building Castle |
| 24:22 | Joreich · age_up castle |
| 24:37 | Panda · wall_segment Palisade Wall x1 |
| 24:41 | Shuriken Chokeわたなべ · first_market_buy 100 stone |
| 24:42 | Joreich · first_building Siege Workshop |
| 29:44 | Shuriken Chokeわたなべ · first_market_sell 100 wood |
| 30:56 | Panda · first_building Monastery |
| 31:04 | Panda · first_building Stable |
| 33:26 | Panda · first_market_sell 100 wood |
| 33:28 | Panda · first_market_buy 100 food |
| 36:29 | Joreich · first_market_buy 100 stone |
| 37:07 | Panda · age_up imperial |
| 37:32 | Joreich · wall_segment Palisade Wall x9 |
| 38:10 | Joreich · wall_segment Palisade Wall x6 |
[ ANÁLISIS IA · 1 CRÉDITO ]
¿Qué pasó realmente en esta partida?
Wolo.gg analiza cada decisión: build order, eco, micro, errores típicos por bracket. Análisis personalizado por WhatsApp o Discord en 30 segundos.
Guía civ
Hunos
Perfil
Jugador #17684656